 Dungeon Crawl Stone Soup version 0.19.1 (webtiles) character file.

2653 Nakatomy the Archer (level 9, -5/74 HPs)
             Began as a Centaur Hunter on Dec 25, 2016.
             Was a Priest of Okawaru.
             Slain by a wyvern (17 damage)
             ... on level 6 of the Dungeon.
             The game lasted 00:28:16 (9942 turns).

Nakatomy the Archer (Centaur Hunter)                Turns: 9942, Time: 00:28:17

Health: -5/74      AC:  9    Str: 16    XL:     9   Next: 36%
Magic:  9/9        EV: 10    Int: 10    God:    Okawaru [***...]
Gold:   430        SH:  0    Dex: 17    Spells: 0 memorised, 8 levels left

rFire  + . .     SeeInvis .     a - +1 shortbow
rCold  + . .     Gourm    .     h - +1 robe of the Hanged Man {*Slow rF+ Dex+5}
rNeg   . . .     Faith    .     (shield currently unavailable)
rPois  .         Spirit   .     j - +0 helmet
rElec  .         Reflect  .     I - +0 cloak
rCorr  .         Harm     .     c - +0 pair of gloves
MR     .....                    (no barding)
Stlth  +.........               (no amulet)
                                H - ring of protection from cold
                                e - +1 ring of protection

@: very quick
A: hooves 3, deformed body, speed 2, tough skin 3
a: Heroism, Renounce Religion


You were on level 6 of the Dungeon.
You worshipped Okawaru.
Okawaru was most pleased with you.
You were not hungry.

You visited 2 branches of the dungeon, and saw 9 of its levels.

You collected 430 gold pieces.

Inventory:

Hand Weapons
 a - a +1 shortbow (weapon)
 b - a +3 short sword of freezing
Missiles
 d - 49 arrows (quivered)
 y - 193 stones
Armour
 c - a +0 pair of gloves (worn)
 h - the +1 robe of the Hanged Man (worn) {*Slow rF+ Dex+5}
   (You found it on level 6 of the Dungeon)

   It affects your dexterity (+5).
   It protects you from fire.
   It may slow you when you take damage.
 j - a +0 helmet (worn)
 C - a +0 scale mail
 I - a +0 cloak (worn)
Jewellery
 e - a +1 ring of protection (left hand)
 q - an uncursed amulet of faith
 H - a ring of protection from cold (right hand)
 K - an uncursed amulet of the gourmand {unknown}
Wands
 l - a wand of lightning (8/15)
 r - a wand of disintegration (3/24)
 G - a wand of confusion (20/48)
Scrolls
 i - a scroll of fog
 p - 3 scrolls of enchant weapon
 s - a scroll of magic mapping
 E - 5 scrolls of remove curse
 F - 2 scrolls of enchant armour {unknown}
 J - 2 scrolls of noise {unknown}
 N - a scroll of teleportation
Potions
 k - 2 potions of berserk rage {unknown}
 m - 3 potions of curing
 n - 2 potions of heal wounds
 o - 3 potions of flight {unknown}
 t - a potion of ambrosia {unknown}
 u - 2 potions of lignification {unknown}
 v - 2 potions of brilliance
 w - a potion of might {unknown}
 x - a potion of beneficial mutation {unknown}
 z - 2 potions of haste
 B - a potion of magic {unknown}
 L - a potion of cancellation {unknown}
 M - a potion of agility {unknown}
Comestibles
 f - 4 bread rations
 g - 2 meat rations
 A - 2 beef jerkies
 D - 10 fruits


   Skills:
 + Level 5.1 Fighting
 + Level 4.3 Short Blades
 * Level 14.2 Bows
 - Level 1.3 Dodging
 - Level 0.4 Stealth


You had 8 spell levels left.
You didn't know any spells.

Dungeon Overview and Level Annotations

Branches:
Dungeon (8/15)             Temple (1/1) D:4
   Lair: D:8-11

Altars:
Ashenzari
Cheibriados
Dithmenos
Elyvilon
Fedhas
Gozag
Hepliaklqana
Kikubaaqudgha
Makhleb
Nemelex Xobeh
Okawaru
Qazlal
Ru
Sif Muna
Trog
Uskayaw
Vehumet
Xom
Yredelemnul
Zin
The Shining One

Shops:
D:5 *

Annotations:
D:4 exclusion: downstairs
D:6 exclusion: downstairs
D:7 exclusion: downstairs
D:8 Joseph


Innate Abilities, Weirdness & Mutations

You have hooves in place of feet.
Armour fits poorly on your strangely shaped body.
You cover ground very quickly.
You have extremely tough skin. (AC +3)


Message History

Evoking this partially-identified wand wasted a few charges.
The wyvern bites you. The wyvern barely misses you.
Evoke which item? (* to show all) (? for menu, Esc to quit)
Zapping:
G - a wand of confusion {zapped: 5} (will waste charges)
Press: ? - help, Shift-Dir - straight line, f/p - wyvern
Aim: a wyvern (moderately wounded, chance to defeat MR: 46%)
The wyvern resists with some effort.
Evoking this partially-identified wand wasted a few charges.
The wyvern bites you!
* * * LOW HITPOINT WARNING * * *
Evoke which item? (* to show all) (? for menu, Esc to quit)
Zapping:
G - a wand of confusion {zapped: 8} (will waste charges)
Press: ? - help, Shift-Dir - straight line, f/p - wyvern
Aim: a wyvern (moderately wounded, chance to defeat MR: 46%)
The wyvern resists with some effort.
Evoking this partially-identified wand wasted a few charges.
The wyvern bites you.
* * * LOW HITPOINT WARNING * * *
The wyvern bites you!
You die...

#.# ##.# #.#
#..#.###.#. #.#
#.# #.#
#.#......## #.#
#.# #.#
#.####.####
###.# #.#
#.####.####.# #
....# #.#
#.).........# #
.#### #(#
#.#.##.######
.# #.#
###.#.##.# .#
#.# #.)(..##.#
.#
#.####@##>..#.#
.#
#.##..l##.#...#
## .#
#.##.#.##...###
#. .#
#.##[#.<...##
#. ##
#.##.###.#.# #.
#.##.# #.#.# #.
#....# #.#.# #.
###### #.#.# #.
# #.#.# #.


You could see a wyvern.

Vanquished Creatures
  Pikel (D:4)
  A hippogriff (D:8)
  Menkaure (D:7)
  A sky beast (D:6)
  An ogre (D:7)
  A centaur (D:7)
  2 bullfrogs
  A scorpion (D:4)
  5 killer bees (D:7)
  8 wights
  2 howler monkeys
  4 crimson imps
  A centaur zombie (D:7)
  2 jellies (D:7)
  3 hounds
  2 orc priests (D:6)
  7 orc wizards
  2 bullfrog skeletons
  3 worker ants
  A worker ant zombie (D:7)
  4 adders
  A shadow imp (D:7)
  2 oozes
  An adder skeleton (D:5)
  A worm (D:2)
  2 dart slugs
  5 leopard geckos
  13 orcs
  5 giant cockroaches
  4 goblins
  8 hobgoblins
  14 jackals
  2 kobolds
  3 quokkas
  4 bats
  2 frilled lizards (D:2)
  A jackal skeleton (D:7)
  A leopard gecko skeleton (D:5)
  17 rats
139 creatures vanquished.

Notes
Turn   | Place    | Note
-------+----------+-------------------------------------------
     0 | D:1      | Nakatomy the Centaur Hunter began the quest for the Orb.
     0 | D:1      | Reached XP level 1. HP: 17/17 MP: 1/1
    27 | D:1      | Reached XP level 2. HP: 16/24 MP: 2/2
    65 | D:1      | Reached skill level 6 in Bows
   455 | D:1      | Reached XP level 3. HP: 29/29 MP: 3/3
   881 | D:2      | Found a shadowy altar of Dithmenos.
  1312 | D:2      | Reached skill level 7 in Bows
  1817 | D:3      | Reached XP level 4. HP: 30/36 MP: 4/4
  2491 | D:4      | Found a staircase to the Ecumenical Temple.
  2502 | Temple   | Entered the Ecumenical Temple
  2744 | Temple   | Became a worshipper of Warmaster Okawaru
  2969 | D:4      | Reached skill level 8 in Bows
  3315 | D:4      | Reached XP level 5. HP: 41/41 MP: 5/5
  3784 | D:5      | Entered Level 5 of the Dungeon
  3849 | D:4      | Reached skill level 9 in Bows
  3978 | D:5      | Found Meiru's Elemental Accessories.
  4066 | D:5      | Noticed a slave
  4067 | D:5      | Noticed a slave
  4072 | D:5      | Noticed Pikel
  4135 | D:4      | Reached XP level 6. HP: 27/48 MP: 6/6
  4382 | D:5      | Reached skill level 10 in Bows
  4431 | D:5      | Noticed a slave
  4864 | D:5      | Reached * piety under Okawaru
  5317 | D:5      | Reached skill level 11 in Bows
  5317 | D:5      | Reached XP level 7. HP: 34/55 MP: 7/7
  5765 | D:4      | Killed Pikel
  5765 | D:4      | Reached ** piety under Okawaru
  5765 | D:4      | Reached skill level 12 in Bows
  5765 | D:4      | Reached XP level 8. HP: 44/63 MP: 8/8
  6462 | D:6      | Got a bloodstained robe
  6473 | D:6      | Identified the +1 robe of the Hanged Man {*Slow rF+ Dex+5} (You found it on level 6 of the Dungeon)
  6996 | D:6      | Reached skill level 13 in Bows
  8124 | D:7      | Noticed Joseph
  8457 | D:7      | Noticed Menkaure
  8465 | D:7      | Killed Menkaure
  8465 | D:7      | Reached XP level 9. HP: 72/72 MP: 9/9
  8511 | D:7      | Found a deep blue altar of Sif Muna.
  8609 | D:7      | Reached *** piety under Okawaru
  8897 | D:7      | Reached skill level 14 in Bows
  9028 | D:8      | Reached skill level 5 in Fighting
  9942 | D:6      | Slain by a wyvern

Skill      XL: |  1  2  3  4  5  6  7  8  9 |
---------------+----------------------------+-----
Bows           | 6 7 8 9 11 12 13 14 | 14.2
Fighting       | 3 4 5 |  5.1
Short Blades   | 2 3 4 |  4.3
Dodging        | |  1.3
Stealth        | |  0.4

Action                   |  1- 3 |  4- 6 |  7- 9 || total
-------------------------+-------+-------+-------++-------
Melee: Short sword       |   167 |   158 |   236 ||   561
       Kick              |    32 |    45 |    66 ||   143
 Fire: Shortbow          |     7 |    92 |   122 ||   221
Throw: Stone             |    10 |    29 |     4 ||    43
Invok: Heroism           |       |       |     1 ||     1
Evoke: Wand              |       |       |     4 ||     4
  Use: Scroll            |       |       |    10 ||    10
       Potion            |       |       |     2 ||     2
  Eat: Chunk             |     2 |     8 |    10 ||    20
       Pizza             |       |     1 |       ||     1
       Royal jelly       |       |       |     1 ||     1
       Fruit             |       |       |     1 ||     1
Armor: Leather armour    |    51 |     1 |       ||    52
       Scale mail        |       |   108 |    25 ||   133
       Robe              |       |       |    59 ||    59
Dodge: Dodged            |    78 |    73 |   106 ||   257
